TOP OF THE 1ST |
San Antonio Missions batting - Pitching for Arkansas Travelers : RHP Vicente Jaurequi
|
Pitching: RHP Vicente Jaurequi
|
|
Batting: LHB John Elway
|
0-0: Ball 1-0: SINGLE (Groundball, 5S, EV 70.6 MPH) (infield hit)
|
Batting: LHB John D Morris
|
0-0: Ball 1-0: Ball 2-0: Foul Ball, location: 2F 2-1: Called Strike 2-2: Ball 3-2: Base on Balls John Elway to second
|
Batting: RHB Larry Hamilton
|
0-0: Fly out, F8 (Flyball, 8RM, EV 90.6 MPH)
|
Batting: RHB Ed Hearn
|
0-0: Fly out, F7 (Flyball, 78D, EV 96.3 MPH)
|
Batting: RHB Andrew Walker
|
0-0: Ball 1-0: Ball 2-0: SINGLE (Line Drive, 4D, EV 106.3 MPH) John Elway to third John D Morris to second Runner from 3rd tries for Home, SAFE, throw by RF to home
|
Batting: LHB Steven Fortune
|
0-0: Ball 1-0: Called Strike 1-1: SINGLE (Line Drive, 8RS, EV 106.3 MPH) John D Morris to third Andrew Walker to second Runner from 3rd tries for Home, SAFE, throw by CF to home
|
Batting: RHB Leo Hernandez
|
0-0: Called Strike 0-1: DOUBLE (Line Drive, 7LS, EV 93.8 MPH) Andrew Walker scores Steven Fortune to third
|
Batting: RHB Amos Lewis
|
0-0: Called Strike 0-1: Ball 1-1: Ball 2-1: Swinging Strike 2-2: Foul Ball, location: 2F 2-2: Foul Ball, location: 2F 2-2: Foul Ball, location: 2F 2-2: Strikes out swinging
|
Top of the 1st over - 3 runs, 4 hits, 0 errors, 2 left on base; San Antonio 3 - Arkansas 0 |
BOTTOM OF THE 1ST |
Arkansas Travelers batting - Pitching for San Antonio Missions : RHP Françisco Chara
|
Pitching: RHP Françisco Chara
|
|
Batting: RHB Denny Gonzalez
|
0-0: Called Strike 0-1: SINGLE (Line Drive, 9S, EV 86.3 MPH)
|
Batting: RHB Rex Hudler
|
0-0: Called Strike 0-1: Foul Ball, location: 2F 0-2: Fly out, F9 (Flyball, 9LM, EV 85.0 MPH)
|
Batting: LHB Phil Stephenson
|
0-0: Foul Ball, location: 2F 0-1: Ball 1-1: Swinging Strike 1-2: Strikes out swinging
|
Batting: RHB Randy Milligan
|
0-0: Ball 1-0: Ball 2-0: Ball 3-0: Called Strike 3-1: Swinging Strike Passed Ball! Denny Gonzalez to second 3-2: Fly out, F8 (Line Drive, 8LM, EV 90.0 MPH)
|
Bottom of the 1st over - 0 runs, 1 hit, 0 errors, 1 left on base; San Antonio 3 - Arkansas 0 |
TOP OF THE 2ND |
San Antonio Missions batting - Pitching for Arkansas Travelers : RHP Vicente Jaurequi
|
Batting: RHB Houston Jimenez
|
0-0: Ground out 5-3 (Groundball, 56S, EV 88.1 MPH)
|
Batting: LHB John Elway
|
0-0: Bunted foul 0-1: Ball 1-1: Ball 2-1: Ball 3-1: Foul Ball, location: 2F 3-2: Foul Ball, location: 2F 3-2: Base on Balls
|
Batting: LHB John D Morris
|
0-0: Called Strike 0-1: Fielders Choice at 2nd, 3-6 (Groundball, 34S, EV 85.6 MPH)
|
Batting: RHB Larry Hamilton
|
0-0: Ball 1-0: SINGLE (Groundball, 56D, EV 109.4 MPH) John D Morris to second
|
Batting: RHB Ed Hearn
|
0-0: Ball 1-0: Ground out U3 (Groundball, 34S, EV 85.0 MPH)
|
Top of the 2nd over - 0 runs, 1 hit, 0 errors, 2 left on base; San Antonio 3 - Arkansas 0 |
BOTTOM OF THE 2ND |
Arkansas Travelers batting - Pitching for San Antonio Missions : RHP Françisco Chara
|
Batting: RHB Kenneth Foster
|
0-0: Called Strike 0-1: Called Strike 0-2: Foul Ball, location: 2F 0-2: Foul Ball, location: 2F 0-2: Ball 1-2: Ground out 6-3 (Groundball, 6, EV 81.9 MPH)
|
Batting: LHB Jesus Marinez
|
0-0: Ground out 6-3 (Groundball, 6, EV 81.9 MPH)
|
Batting: SHB Bobby Bonilla
|
0-0: Foul Ball, location: 2F 0-1: Ball 1-1: Foul Ball, location: 2F 1-2: Strikes out swinging
|
Bottom of the 2nd over - 0 runs, 0 hits, 0 errors, 0 left on base; San Antonio 3 - Arkansas 0 |
TOP OF THE 3RD |
San Antonio Missions batting - Pitching for Arkansas Travelers : RHP Vicente Jaurequi
|
Batting: RHB Andrew Walker
|
0-0: Ball 1-0: Called Strike 1-1: Called Strike 1-2: Ball 2-2: Foul Ball, location: 2F 2-2: Strikes out swinging
|
Batting: LHB Steven Fortune
|
0-0: Foul Ball, location: 2F 0-1: Called Strike 0-2: Hit by Pitch
|
Batting: RHB Leo Hernandez
|
0-0: Called Strike 0-1: SINGLE (Groundball, 4MS, EV 68.8 MPH) (infield hit) Steven Fortune to second
|
Batting: RHB Amos Lewis
|
0-0: Ball 1-0: Called Strike 1-1: Foul Ball, location: 2F 1-2: Ball 2-2: Foul Ball, location: 2F 2-2: SINGLE (Line Drive, 7S, EV 100.6 MPH) Steven Fortune to third Leo Hernandez to second
|
Batting: RHB Houston Jimenez
|
0-0: Ball 1-0: Called Strike 1-1: Called Strike 1-2: Ball 2-2: Ball 3-2: Foul Ball, location: 2F 3-2: Base on Balls Steven Fortune scores Leo Hernandez to third Amos Lewis to second
|
Batting: LHB John Elway
|
0-0: Ball 1-0: Ball 2-0: Ball 3-0: Base on Balls Leo Hernandez scores Amos Lewis to third Houston Jimenez to second
|
Batting: LHB John D Morris
|
0-0: Foul Ball, location: 2F 0-1: Called Strike 0-2: Foul Ball, location: 2F 0-2: Foul Ball, location: 2F 0-2: Ball 1-2: Ball Wild Pitch! Amos Lewis scores Houston Jimenez to third John Elway to second 2-2: Ball 3-2: Fly out, F5 (Flyball, 5D, EV 86.3 MPH)
|
Batting: RHB Larry Hamilton
|
0-0: Ball 1-0: Fly out, F6 (Popup, 6MS, EV 81.3 MPH)
|
Top of the 3rd over - 3 runs, 2 hits, 0 errors, 2 left on base; San Antonio 6 - Arkansas 0 |
BOTTOM OF THE 3RD |
Arkansas Travelers batting - Pitching for San Antonio Missions : RHP Françisco Chara
|
Batting: RHB Rob Deer
|
0-0: Ball 1-0: Called Strike 1-1: Fly out, F8 (Flyball, 8LM, EV 85.0 MPH)
|
Batting: RHB Alex Duarte
|
0-0: Ball 1-0: Swinging Strike 1-1: Fly out, F9 (Flyball, 9LM, EV 90.6 MPH)
|
Batting: RHB Denny Gonzalez
|
0-0: Called Strike 0-1: Swinging Strike 0-2: Ball 1-2: Ball 2-2: Ball 3-2: Strikes out swinging
|
Bottom of the 3rd over - 0 runs, 0 hits, 0 errors, 0 left on base; San Antonio 6 - Arkansas 0 |
TOP OF THE 4TH |
San Antonio Missions batting - Pitching for Arkansas Travelers : RHP Vicente Jaurequi
|
Batting: RHB Ed Hearn
|
0-0: Ball 1-0: Ball 2-0: Ball 3-0: Called Strike 3-1: Base on Balls
|
Pitching: RHP Keith Atherton
|
|
Batting: RHB Andrew Walker
|
0-0: Ball 1-0: Foul Ball, location: 2F 1-1: Ball 2-1: Fly out, F8 (Flyball, 8RS, EV 92.5 MPH)
|
Batting: LHB Steven Fortune
|
0-0: Ball 1-0: TRIPLE (Flyball, 78XD, EV 89.4 MPH) Ed Hearn scores
|
Batting: RHB Leo Hernandez
|
0-0: Ball 1-0: Fly out, F8 (Flyball, 8LD, EV 100.0 MPH) Runner from 3rd tags up, SCORES, throw by CF
|
Batting: RHB Amos Lewis
|
0-0: Called Strike 0-1: Foul Ball, location: 2F 0-2: Ground out 6-3 (Groundball, 6, EV 107.5 MPH)
|
Top of the 4th over - 2 runs, 1 hit, 0 errors, 0 left on base; San Antonio 8 - Arkansas 0 |
BOTTOM OF THE 4TH |
Arkansas Travelers batting - Pitching for San Antonio Missions : RHP Françisco Chara
|
Batting: RHB Rex Hudler
|
0-0: Swinging Strike 0-1: Ball 1-1: Ball 2-1: Foul Ball, location: 2F 2-2: Ball 3-2: Foul Ball, location: 2F 3-2: Base on Balls
|
Batting: LHB Phil Stephenson
|
0-0: Called Strike 0-1: Swinging Strike 0-2: Strikes out swinging
|
Batting: RHB Randy Milligan
|
0-0: Foul Ball, location: 2F 0-1: Fly out, F7 (Flyball, 7, EV 79.4 MPH)
|
Batting: RHB Kenneth Foster
|
0-0: Ball Rex Hudler steals 2nd base 1-0: Foul Ball, location: 2F 1-1: Ball 2-1: Swinging Strike 2-2: Ball 3-2: Foul Ball, location: 2F 3-2: Strikes out looking
|
Bottom of the 4th over - 0 runs, 0 hits, 0 errors, 1 left on base; San Antonio 8 - Arkansas 0 |
TOP OF THE 5TH |
San Antonio Missions batting - Pitching for Arkansas Travelers : RHP Keith Atherton
|
Batting: RHB Houston Jimenez
|
0-0: Ball 1-0: Called Strike 1-1: Ball 2-1: Ball 3-1: Base on Balls
|
Batting: LHB John Elway
|
0-0: Ball 1-0: Foul Ball, location: 2F 1-1: Foul Ball, location: 2F 1-2: Ball 2-2: Ball 3-2: SINGLE (Flyball, 89S, EV 94.4 MPH) Houston Jimenez to second Houston Jimenez to third
|
Batting: LHB John D Morris
|
0-0: Called Strike 0-1: Foul Ball, location: 2F 0-2: Ball Wild Pitch! Houston Jimenez scores John Elway to second 1-2: Ball 2-2: Ball 3-2: Foul Ball, location: 2F 3-2: Fly out, F8 (Flyball, 8LS, EV 78.8 MPH)
|
Batting: RHB Larry Hamilton
|
0-0: Ball 1-0: Ball 2-0: Ball 3-0: Called Strike 3-1: Foul Ball, location: 2F 3-2: Foul Ball, location: 2F 3-2: Foul Ball, location: 2F 3-2: Base on Balls
|
Batting: RHB Ed Hearn
|
0-0: Ball 1-0: Swinging Strike 1-1: Ball 2-1: Ball 3-1: TRIPLE (Flyball, 8RXD, EV 110.0 MPH) John Elway scores Larry Hamilton scores
|
Batting: RHB Andrew Walker
|
0-0: Ball 1-0: Foul Ball, location: 2F 1-1: Foul Ball, location: 2F 1-2: Strikes out looking
|
Batting: LHB Steven Fortune
|
0-0: Ball 1-0: Ball 2-0: Ball 3-0: Base on Balls
|
Batting: RHB Leo Hernandez
|
0-0: Ball 1-0: Called Strike 1-1: Foul Ball, location: 2F 1-2: Foul Ball, location: 2F 1-2: Ball 2-2: Ball 3-2: Fly out, F8 (Flyball, 8RS, EV 92.5 MPH)
|
Top of the 5th over - 3 runs, 2 hits, 0 errors, 2 left on base; San Antonio 11 - Arkansas 0 |
BOTTOM OF THE 5TH |
Arkansas Travelers batting - Pitching for San Antonio Missions : RHP Françisco Chara
|
Batting: LHB Jesus Marinez
|
0-0: Ball 1-0: Foul Ball, location: 2F 1-1: Called Strike 1-2: Foul Ball, location: 2F 1-2: Strikes out swinging
|
Batting: SHB Bobby Bonilla
|
0-0: Ball 1-0: Swinging Strike 1-1: Ball 2-1: Foul Ball, location: 2F 2-2: Fly out, F9 (Flyball, 9LM, EV 100.6 MPH)
|
Batting: RHB Rob Deer
|
0-0: Ball 1-0: Foul Ball, location: 2F 1-1: Foul Ball, location: 2F 1-2: Ball 2-2: Strikes out looking
|
Bottom of the 5th over - 0 runs, 0 hits, 0 errors, 0 left on base; San Antonio 11 - Arkansas 0 |
TOP OF THE 6TH |
San Antonio Missions batting - Pitching for Arkansas Travelers : RHP Keith Atherton
|
Pitching: RHP Vittore Fachinetti
|
|
Batting: RHB Amos Lewis
|
0-0: Ball 1-0: Ball 2-0: Called Strike 2-1: Ball 3-1: Base on Balls
|
Batting: RHB Houston Jimenez
|
0-0: Ball 1-0: Ground out U3 (Groundball, 34, EV 90.6 MPH) Amos Lewis to second
|
Batting: LHB John Elway
|
0-0: Ball 1-0: Foul Ball, location: 2F 1-1: Ball 2-1: Foul Ball, location: 2F 2-2: Ball 3-2: Fly out, F9 (Line Drive, 9, EV 98.8 MPH)
|
Batting: LHB John D Morris
|
0-0: Ball 1-0: Called Strike 1-1: Ground out U3 (Groundball, 34, EV 87.5 MPH)
|
Top of the 6th over - 0 runs, 0 hits, 0 errors, 1 left on base; San Antonio 11 - Arkansas 0 |
BOTTOM OF THE 6TH |
Arkansas Travelers batting - Pitching for San Antonio Missions : RHP Françisco Chara
|
Batting: RHB Alex Duarte
|
0-0: Ball 1-0: Ground out 5-3 (Groundball, 56S, EV 68.1 MPH)
|
Batting: RHB Denny Gonzalez
|
0-0: Fly out, F8 (Flyball, 8LS, EV 83.1 MPH)
|
Batting: RHB Rex Hudler
|
0-0: Fly out, F5 (Flyball, 5D, EV 91.9 MPH)
|
Bottom of the 6th over - 0 runs, 0 hits, 0 errors, 0 left on base; San Antonio 11 - Arkansas 0 |
TOP OF THE 7TH |
San Antonio Missions batting - Pitching for Arkansas Travelers : RHP Vittore Fachinetti
|
Batting: RHB Larry Hamilton
|
0-0: Called Strike 0-1: Foul Ball, location: 2F 0-2: Strikes out swinging
|
Batting: RHB Ed Hearn
|
0-0: Ball 1-0: Swinging Strike 1-1: Foul Ball, location: 2F 1-2: Foul Ball, location: 2F 1-2: Strikes out swinging
|
Batting: RHB Andrew Walker
|
0-0: Ball 1-0: Ball 2-0: Ground out U3 (Groundball, 34, EV 91.3 MPH)
|
Top of the 7th over - 0 runs, 0 hits, 0 errors, 0 left on base; San Antonio 11 - Arkansas 0 |
BOTTOM OF THE 7TH |
Arkansas Travelers batting - Pitching for San Antonio Missions : RHP Françisco Chara
|
Batting: LHB Phil Stephenson
|
0-0: Foul Ball, location: 2F 0-1: Swinging Strike 0-2: Ground out 4-3 (Groundball, 4, EV 82.5 MPH)
|
Batting: RHB Randy Milligan
|
0-0: Ball 1-0: Ball 2-0: Ball 3-0: Called Strike 3-1: Foul Ball, location: 2F 3-2: Fly out, F7 (Flyball, 7S, EV 91.3 MPH)
|
Batting: RHB Kenneth Foster
|
0-0: Ball 1-0: Ball 2-0: Called Strike 2-1: Ground out U3 (Groundball, 34, EV 86.9 MPH)
|
Bottom of the 7th over - 0 runs, 0 hits, 0 errors, 0 left on base; San Antonio 11 - Arkansas 0 |
TOP OF THE 8TH |
San Antonio Missions batting - Pitching for Arkansas Travelers : RHP Vittore Fachinetti
|
Batting: LHB Steven Fortune
|
0-0: Ball 1-0: Ball 2-0: Ball 3-0: Foul Ball, location: 2F 3-1: Base on Balls
|
Batting: RHB Leo Hernandez
|
0-0: Ball 1-0: Called Strike 1-1: Ball 2-1: Fielders Choice at 2nd, 6-4 (Groundball, 6M, EV 80.6 MPH)
|
Batting: RHB Amos Lewis
|
0-0: Called Strike 0-1: Ball 1-1: SINGLE (Groundball, 4MD, EV 106.3 MPH) Leo Hernandez to second
|
Batting: RHB Houston Jimenez
|
0-0: Foul Ball, location: 2F 0-1: Swinging Strike 0-2: Ball 1-2: Strikes out swinging
|
Batting: LHB John Elway
|
0-0: Foul Ball, location: 2F 0-1: Hit by Pitch Leo Hernandez to third Amos Lewis to second
|
Pinch Hitting: LHB Jerold Johnston
|
0-0: Called Strike 0-1: Ground out 4-3 (Groundball, 4, EV 89.4 MPH)
|
Top of the 8th over - 0 runs, 1 hit, 0 errors, 3 left on base; San Antonio 11 - Arkansas 0 |
BOTTOM OF THE 8TH |
Arkansas Travelers batting - Pitching for San Antonio Missions : RHP Françisco Chara
|
Now at 2B: Jerold Johnston
|
|
Batting: LHB Jesus Marinez
|
0-0: Ball 1-0: Ball 2-0: Foul Ball, location: 2F 2-1: Fly out, F7 (Flyball, 78D, EV 85.0 MPH)
|
Batting: SHB Bobby Bonilla
|
0-0: Ball 1-0: Ball 2-0: SINGLE (Groundball, 4MD, EV 95.0 MPH)
|
Batting: RHB Rob Deer
|
0-0: Ball 1-0: Called Strike 1-1: Ball 2-1: Foul Ball, location: 2F 2-2: Fly out, F9 (Flyball, 9D, EV 99.4 MPH)
|
Batting: RHB Alex Duarte
|
0-0: Ball 1-0: Fly out, F9 (Flyball, 9S, EV 95.6 MPH)
|
Bottom of the 8th over - 0 runs, 1 hit, 0 errors, 1 left on base; San Antonio 11 - Arkansas 0 |
TOP OF THE 9TH |
San Antonio Missions batting - Pitching for Arkansas Travelers : RHP Vittore Fachinetti
|
Batting: RHB Larry Hamilton
|
0-0: Ball 1-0: Called Strike 1-1: Swinging Strike 1-2: Foul Ball, location: 2F 1-2: Ball 2-2: Foul Ball, location: 2F 2-2: Fly out, F8 (Flyball, 8LD, EV 90.0 MPH)
|
Batting: RHB Ed Hearn
|
0-0: Ball 1-0: Swinging Strike 1-1: Called Strike 1-2: Strikes out swinging
|
Batting: RHB Andrew Walker
|
0-0: Fly out, F5 (Popup, 56, EV 73.8 MPH)
|
Top of the 9th over - 0 runs, 0 hits, 0 errors, 0 left on base; San Antonio 11 - Arkansas 0 |
BOTTOM OF THE 9TH |
Arkansas Travelers batting - Pitching for San Antonio Missions : RHP Françisco Chara
|
Batting: RHB Denny Gonzalez
|
0-0: Fly out, F6 (Popup, 56D, EV 70.0 MPH)
|
Batting: RHB Rex Hudler
|
0-0: Ball 1-0: Foul Ball, location: 2F 1-1: Ground out 4-3 (Groundball, 4, EV 79.4 MPH)
|
Batting: LHB Phil Stephenson
|
0-0: Ball 1-0: Ball 2-0: Ball 3-0: Called Strike 3-1: Called Strike 3-2: Foul Ball, location: 2F 3-2: Base on Balls
|
Batting: RHB Randy Milligan
|
0-0: Called Strike 0-1: Foul Ball, location: 2F 0-2: Strikes out swinging
|
Bottom of the 9th over - 0 runs, 0 hits, 0 errors, 1 left on base; San Antonio 11 - Arkansas 0 |
|